AoeStats
← Spensounet

Arabia

509130436Analyzed
1v1 RM · 6d ago on Sep 25, 2026· 42m 58s· 2 players
Game mode
Random Map
Map size
Tiny (2 player)
Population
200
Speed
Normal
Resources
Standard
Victory
Conquest
Starting age
Dark Age
Ending age
Imperial Age
RankedLock teamsTeams togetherTeam positionsShared explorationLock speedFull tech treeHidden civsTurbo modeCheats
Victory
Defeat
🇵🇪 Romans · Peru
1441
+14
🇫🇷 Poles · France
1392
-14
Spensounet
6:34 Loom
9:04 Feudal Age
9:47 Double-Bit Axe
10:15 Horse Collar
19:42 Castle Age
18:47 Bloodlines
19:15 Forging
20:19 Scale Barding Armor
29:12 Iron Casting
34:40 Imperial Age
32:17 Husbandry
32:31 Town Watch
33:11 Chain Barding Armor
33:42 Szlachta Privileges
34:21 Pikeman
34:45 Cavalier
36:06 Heavy Plow
37:03 Squires
41:35 Blast Furnace
40:36 Scale Mail Armor
42:06 Conscription
42:34 Fletching
[LSG] ArturoVences
5:58 Loom
8:46 Feudal Age
9:32 Double-Bit Axe
12:04 Horse Collar
19:06 Castle Age
17:25 Gold Mining
17:58 Forging
18:18 Bloodlines
18:37 Scale Mail Armor
18:46 Scale Barding Armor
20:18 Bow Saw
20:09 Heavy Plow
24:04 Iron Casting
25:56 Chain Barding Armor
26:10 Fervor
26:14 Stone Mining
29:45 Fletching
30:20 Husbandry
35:53 Imperial Age
33:10 Pikeman
34:22 Scale Mail Armor
35:45 Wheelbarrow
34:55 Town Watch
35:31 Chain Mail Armor
35:59 Cavalier
36:07 Halberdier
37:44 Crop Rotation
37:53 Gold Shaft Mining
38:42 Blast Furnace
39:22 Hand Cart
39:08 Town Patrol
39:58 Plate Barding Armor
41:16 Ballistics
42:02 Chemistry
41:34 Bodkin Arrow
41:55 Town Patrol
42:03 Squires
43:21 Guilds
43:35 Conscription
Connection lost

Rejoining the realm…

Still unreachable

The connection could not be restored.

Session expired

The server has moved on; the page needs a fresh start.